 Dungeon Sprint DCSS version 0.31-a0-366-ga77b45bd9b (webtiles) character file.

Game seed: 8271807274307728507

18602 Conn the Scorcher (level 12, -3/87 HPs)
             Began as an Octopode Fire Elementalist on July 28, 2023.
             Was the Champion of Sif Muna.
             Succumbed to a spriggan defender's poison
             ... in the Dungeon (Sprint IV: "Fedhas' Mad Dash").
             The game lasted 00:47:19 (5340 turns).

Conn the Scorcher (Octopode Fire Elementalist)      Turns: 5340, Time: 00:47:20

Health: -3/87      AC:  5    Str:  9 (12) XL:     12   Next: 60%
Magic:  25/30      EV: 19    Int: 21 (22) God:    Sif Muna [******]
Gold:   14         SH:  0    Dex: 10 (13) Spells: 4/40 levels left

rFire   + . .        d - +8 storm bow {elec, penet}
rCold   x . .        (shield currently unavailable)
rNeg    . . .        (helmet restricted)
rPois   .            j - amulet of the Country {Spirit +Inv rF+ rC- Str+5}
rElec   .            e - +4 ring of protection
rCorr   .            i - ring of see invisible
SInv    +            g - +5 ring of evasion
Will    .....        (no ring)
Stlth   ++++         (no ring)
HPRegen 0.34/turn    (no ring)
MPRegen 0.22/turn    (no ring)
                     (no ring)

%: no teleportation, guardian spirit
@: lethally poisoned (-3 -> -19)
A: almost no armour, amphibious, 8 rings, camouflage 1, gelatinous body 1,
(nimble swimmer 1), tentacles
a: Renounce Religion, Evoke Invisibility, Channel Magic, Forget Spell, Divine
Exegesis


You were in the Dungeon.
You worshipped Sif Muna.
Sif Muna was exalted by your worship.
You visited 1 branch You collected 479 gold pieces.
You spent 465 gold pieces at shops.

Inventory:

Hand Weapons
 c - a +0 dagger of holy wrath
 d - the +8 storm bow (weapon) {elec, penet}
   (You took it off a spriggan in the Dungeon)
 m - a +4 spectral quarterstaff
Armour
 q - a +0 buckler
Magical Staves
 p - a staff of air
Jewellery
 b - the amulet of invisibility {+Inv}
   (You found it in the Dungeon)

   [amulet of nothing]

   +Inv:      It lets you turn invisible.
 e - a +4 ring of protection (left tentacle)
 g - a +5 ring of evasion (on tentacle)
 i - a ring of see invisible (right tentacle)
 j - the amulet of the Country (around mantle) {Spirit +Inv rF+ rC- Str+5}
   (You took it off a spriggan berserker in the Dungeon)

   [amulet of guardian spirit]

   It causes incoming damage to be divided between your reserves of health and
   magic.
   Str:       It affects your strength (+5).
   rF:        It protects you from fire.
   rC:        It makes you vulnerable to cold.
   +Inv:      It lets you turn invisible.
 l - an amulet of magic regeneration
Potions
 a - a potion of magic
 h - a potion of haste
Miscellaneous
 k - a box of beasts


   Skills:
 + Level 10.1 Fighting
 * Level 7.5 Ranged Weapons
 + Level 5.5 Dodging
 + Level 5.2 Stealth
 + Level 5.1 Shields
 - Level 0.2 Unarmed Combat
 + Level 14.7 Spellcasting
 * Level 12.1 Conjurations
 + Level 4.2 Hexes
 + Level 15.7 Fire Magic
 - Level 5.0 Ice Magic
 + Level 9.8 Invocations
 + Level 9.8 Evocations


You had 4 spell levels left.
You knew the following spells:

 Your Spells              Type           Power      Damage    Failure   Level
a - Foxfire               Conj/Fire      100%       2x1d9     0%          1
b - Scorch                Fire           100%       2d9       0%          2
c - Inner Flame           Hex/Fire       55%        N/A       1%          3
d - Flame Wave            Conj/Fire      65%        2d15      1%          4
e - Ozocubu's Armour      Ice            36%        N/A       1%          3
f - Hailstorm             Conj/Ice       51%        3d11      1%          3
g - Fireball              Conj/Fire      32%        3d14      1%          5
h - Orb of Destruction    Conj           30%        9d10      24%         7
i - Iskenderun's Battles  Conj           60%        2d11      1%          5
j - Stone Arrow           Conj/Erth      80%        3d12      1%          3

Your spell library contained the following spells:

 Spells                   Type           Power      Damage    Failure   Level
 Freeze                   Ice            100%       1d10      1%          1
 Kiss of Death            Conj/Necr      100%       2d13      1%          1
 Ensorcelled Hibernation  Hex/Ice        68%        N/A       1%          2
 Searing Ray              Conj           100%       2d8       1%          2
 Static Discharge         Conj/Air       80%        2-6/arc   1%          2
 Dazzling Flash           Conj/Hex       98%        N/A       1%          3
 Volatile Blastmotes      Fire/Tloc      96%        2d18      1%          3
 Fulminant Prism          Conj/Hex       24%        3d12      1%          4
 Sticky Flame             Conj/Fire      65%        2d8       1%          4
 Portal Projectile        Hex/Tloc       48%        N/A       4%          3
 Sublimation of Blood     Necr           15%        N/A       6%          2
 Anguish                  Hex/Necr       12%        N/A       17%         4
 Leda's Liquefaction      Hex/Erth       12%        N/A       17%         4
 Animate Dead             Necr           15%        N/A       36%         4
 Manifold Assault         Tloc           15%        N/A       36%         4
 Freezing Cloud           Conj/Ice/Air   19%        6-21      11%         5
 Yara's Violent Unravell  Hex/Tmut       12%        3d7       43%         5
 Conjure Ball Lightning   Conj/Air       20%        3x3d6     45%         6
 Leda's Unmaking          Conj/Erth      20%        9d4       45%         6
 Death Channel            Necr           7%         N/A       99%         6
 Ozocubu's Refrigeration  Ice            18%        4d11      99%         7
 Haunt                    Necr/Summ      7%         N/A       100%        7
 Discord                  Hex            16%        N/A       100%        8
 Chain Lightning          Conj/Air       20%        3d26      100%        9
 Fire Storm               Conj/Fire      32%        8d8       100%        9


Dungeon Overview and Level Annotations

Branches:
Dungeon (1/1)

Altars:
Cheibriados
Dithmenos
Elyvilon
Gozag
Hepliaklqana
Kikubaaqudgha
Makhleb
Nemelex Xobeh
Okawaru
Qazlal
Ru
Sif Muna
Trog
Uskayaw
Vehumet
Wu Jian
Xom
Yredelemnul
Zin
The Shining One
Jiyva
Lugonu

Shops:
D !(*!=!!?[(!![**(*(?*(


Innate Abilities, Weirdness & Mutations

You cannot wear most types of armour.
You are amphibious.
You can wear up to eight rings at the same time.
Your skin changes colour to match your surroundings (Stealth+).
Your rubbery body absorbs attacks. (AC +1, EV +1)
((You are camouflaged when in or above water. (Stealth+)))
You have tentacles for arms and can constrict up to eight enemies at once.


Message History

Blink to where?
Press: ? - help, Dir - move target You can't see that place. [the floor.]
Okay, then.
Unknown command.
Unknown command.
Casting: Fireball (mildly dangerous; 1% risk of failure)
Confirm with . or Enter, or press ? or * to list all spells.
Okay, then.
Unknown command.
Okay, then.
Unknown command.
Press: ? - help, v - describe, . - travel
Here: a spriggan defender, wielding a +0 quick blade of electrocution, wearing a +0 robe and wearing a +0 buckler (flame, severely wounded)
The floor.
Unknown command.
Okay, then.
Unknown command.
Unknown command.
Blink to where?
Press: ? - help, Dir - move target Your icy armour will break if you move.
Continue?
Your icy armour cracks and falls away as you move.
A queen bee and a hornet come into view.
As you read the scroll of blinking, it crumbles to dust.
* * * LOW HITPOINT WARNING * * *
You feel very sick.
The queen bee buzzes angrily.
The hornet buzzes angrily.
It was a potion of degeneration.
There was something very wrong with that liquid.
You feel weakened.
You feel dopey.
You feel clumsy.
* * * LOW HITPOINT WARNING * * *
You feel very sick. The queen bee misses you.
A ghost moth comes into view.
You aren't carrying any scrolls.
Okay, then.
Magic courses through your body.
You die...

....∩.∩...[#
############
####### ##....)###
#......'.#
.......###
###########
..........#########
.........y'...yy@.#
..........#######i#
########### #####i#
..♣..♣.....#
..i..i.....#
..♣..♣.....# ##
#######


You could see a ghost moth (invisible), 2 spriggan defenders, a queen bee and a
hornet.

Vanquished Creatures
  Agnes (D)
  A ghost moth (D)
  A spriggan defender (D)
  3 demonic crawlers (D)
  A spriggan berserker (D)
  A spriggan druid (D)
  23 oklob plants (D)
  A queen bee (D)
  2 wandering mushrooms (D)
  3 burning bushes (D)
  5 hornets (D)
  4 scorpions (D)
  4 killer bees (D)
  5 oklob saplings (D)
  8 spriggans (D)
  A river rat (D)
  A rat (D)
  2 ballistomycete spores (D)
67 creatures vanquished.

Vanquished Creatures (collateral kills)
  A spriggan berserker (D)
  A wandering mushroom (D)
  A hornet (D)
3 creatures vanquished.

Vanquished Creatures (others)
  98 foxfires (D)
98 creatures vanquished.

Grand Total: 168 creatures vanquished

Notes
Turn   | Place    | Note
-------+----------+-------------------------------------------
     0 | D        | Conn the Octopode Fire Elementalist began the quest for the
                  | Orb.
     0 | D        | Reached XP level 1. HP: 11/11 MP: 3/3
    13 | D        | Reached skill level 4 in Fire Magic
    13 | D        | Reached XP level 2. HP: 5/17 MP: 0/5
    92 | D        | Learned a level 2 spell: Scorch
    94 | D        | Noticed an oklob sapling
    97 | D        | Noticed a scorpion
    97 | D        | Found the amulet of invisibility {+Inv}
   106 | D        | Killed a scorpion
   107 | D        | Reached skill level 6 in Fire Magic
   107 | D        | Reached XP level 3. HP: 19/21 MP: 0/8
   107 | D        | Reached XP level 4. HP: 24/27 MP: 0/9
   207 | D        | Reached skill level 7 in Fire Magic
   213 | D        | Found an opulent altar of Gozag.
   213 | D        | Found a hazy altar of Hepliaklqana.
   213 | D        | Found a burning altar of Makhleb.
   213 | D        | Found a sparkling altar of Nemelex Xobeh.
   213 | D        | Found a snail-covered altar of Cheibriados.
   213 | D        | Found a sacrificial altar of Ru.
   213 | D        | Found a shimmering blue altar of Sif Muna.
   213 | D        | Found a shimmering altar of Xom.
   213 | D        | Found a basalt altar of Yredelemnul.
   214 | D        | Found a viscous altar of Jiyva.
   214 | D        | Found a bloodstained altar of Trog.
   214 | D        | Found an ornate altar of the Wu Jian Council.
   214 | D        | Noticed an oklob sapling priest
   286 | D        | Found an iron altar of Okawaru.
   286 | D        | Found a glowing silver altar of Zin.
   286 | D        | Found a shadowy altar of Dithmenos.
   287 | D        | Found a hide-covered altar of Uskayaw.
   287 | D        | Found an ancient bone altar of Kikubaaqudgha.
   288 | D        | Found a stormy altar of Qazlal.
   288 | D        | Found a glowing golden altar of the Shining One.
   288 | D        | Found a white marble altar of Elyvilon.
   289 | D        | Found a radiant altar of Vehumet.
   289 | D        | Found a corrupted altar of Lugonu.
   298 | D        | Killed an oklob sapling priest
   299 | D        | Reached skill level 5 in Spellcasting
   299 | D        | Reached skill level 1 in Evocations
   299 | D        | Reached XP level 5. HP: 31/31 MP: 7/12
   300 | D        | Became a worshipper of Sif Muna the Loreminder
   342 | D        | Learned a level 3 spell: Inner Flame
   347 | D        | Learned a level 4 spell: Flame Wave
   351 | D        | Reached skill level 1 in Fighting
   351 | D        | Reached skill level 8 in Fire Magic
   351 | D        | Reached skill level 1 in Invocations
   384 | D        | Reached * piety under Sif Muna
   385 | D        | Reached XP level 6. HP: 6/39 MP: 4/14
   386 | D        | Reached skill level 5 in Stealth
   518 | D        | Found Ycsusuch's Assorted Antiques.
   519 | D        | Found Ygess's General Store.
   538 | D        | Noticed a burning bush
   538 | D        | Noticed a wandering mushroom
   541 | D        | Noticed a wandering mushroom
   544 | D        | Killed a wandering mushroom
   545 | D        | Reached skill level 9 in Fire Magic
   545 | D        | Reached skill level 5 in Invocations
   545 | D        | Reached XP level 7. HP: 42/48 MP: 15/17
   547 | D        | Killed a wandering mushroom
   548 | D        | Reached skill level 5 in Conjurations
   548 | D        | Reached skill level 1 in Hexes
   739 | D        | Killed a burning bush
   739 | D        | Reached ** piety under Sif Muna
   740 | D        | Reached skill level 5 in Fighting
   740 | D        | Reached XP level 8. HP: 55/55 MP: 17/19
   744 | D        | Found Eliebril's Magic Scroll Emporium.
   744 | D        | Found Bedoselo's Weapon Shoppe.
   858 | D        | Noticed a queen bee
   866 | D        | Reached skill level 10 in Fire Magic
   870 | D        | Reached *** piety under Sif Muna
   871 | D        | Reached skill level 5 in Evocations
   879 | D        | Killed a queen bee
  1012 | D        | Noticed an oklob plant
  1018 | D        | Killed an oklob plant
  1019 | D        | Reached XP level 9. HP: 63/63 MP: 9/22
  1093 | D        | Noticed a burning bush
  1137 | D        | Bought a large bone ring for 150 gold pieces
  1141 | D        | Bought a potion of lignification for 33 gold pieces
  1345 | D        | Killed a burning bush
  1422 | D        | Noticed a burning bush
  1422 | D        | Noticed an oklob plant
  1433 | D        | Killed a burning bush
  1433 | D        | Reached **** piety under Sif Muna
  1434 | D        | Reached skill level 11 in Fire Magic
  1540 | D        | Noticed a wandering mushroom
  1553 | D        | Killed a wandering mushroom
  1670 | D        | Killed an oklob plant
  1671 | D        | Reached skill level 10 in Spellcasting
  1907 | D        | Noticed a spriggan druid
  1912 | D        | Killed a spriggan druid
  1912 | D        | Reached ***** piety under Sif Muna
  1912 | D        | Received a gift from Sif Muna
  1913 | D        | Reached skill level 12 in Fire Magic
  1913 | D        | Reached XP level 10. HP: 72/72 MP: 12/24
  1913 | D        | Got Sif Muna's Directory of the Voyage and the Sphinx {god
                  | gift}
  2007 | D        | Noticed an oklob plant conjurer
  2012 | D        | Killed an oklob plant conjurer
  2023 | D        | Learned a level 3 spell: Ozocubu's Armour
  2068 | D        | Noticed an oklob plant
  2068 | D        | Noticed an oklob plant summoner
  2069 | D        | Noticed an oklob plant shifter
  2087 | D        | Killed an oklob plant
  2088 | D        | Reached skill level 1 in Ice Magic
  2120 | D        | Killed an oklob plant summoner
  2129 | D        | Killed an oklob plant shifter
  2260 | D        | Noticed a demonic crawler
  2267 | D        | Killed a demonic crawler
  2268 | D        | Reached skill level 13 in Fire Magic
  2317 | D        | Noticed a spriggan rider
  2444 | D        | Found Noamni Zuhu's Assorted Antiques.
  2446 | D        | Found Noowoz's Antique Weapon Shoppe.
  2511 | D        | Noticed Agnes
  2526 | D        | Killed Agnes
  2527 | D        | Reached XP level 11. HP: 8/81 MP: 8/27
  2780 | D        | Found Kineso Xany's Weapon Emporium.
  2783 | D        | Found Alungojo's General Store.
  2784 | D        | Noticed a spriggan defender
  2792 | D        | Killed a spriggan defender
  2792 | D        | Received a gift from Sif Muna
  2793 | D        | Reached skill level 10 in Fighting
  2793 | D        | Reached skill level 10 in Conjurations
  2793 | D        | Reached skill level 5 in Ice Magic
  2793 | D        | Got Wahoev's Vademecum on Death and the Deep Freeze {god
                  | gift}
  2798 | D        | Learned a level 3 spell: Hailstorm
  2961 | D        | Noticed a spriggan rider
  2971 | D        | HP: 3/81 [spriggan rider/+4 arbalest of freezing (7)]
  3249 | D        | Bought a scroll of blinking for 90 gold pieces
  3281 | D        | Reached skill level 1 in Ranged Weapons
  3354 | D        | Noticed a spriggan berserker
  3360 | D        | Killed a spriggan berserker
  3410 | D        | Identified the +9 short sword "Hydraslayer" {venom, rC-
                  | Str+5}
  3429 | D        | Reached skill level 14 in Fire Magic
  3505 | D        | Noticed a ghost moth
  3506 | D        | Found Juekoej's Distillery.
  3506 | D        | Found Inwumoalew's Antique Weapon Boutique.
  3506 | D        | Found Ehes's Assorted Antiques.
  3511 | D        | Noticed an oklob plant shifter
  3511 | D        | Noticed an oklob plant meteorologist
  3524 | D        | Killed an oklob plant meteorologist
  3612 | D        | Killed an oklob plant shifter
  3612 | D        | Received a gift from Sif Muna
  3625 | D        | Identified the amulet of the Country {Spirit +Inv rF+ rC-
                  | Str+5}
  3625 | D        | Noticed a spriggan berserker
  3632 | D        | Killed a spriggan berserker
  3638 | D        | Noticed a spriggan rider
  3643 | D        | Noticed a demonic crawler
  3643 | D        | Noticed a demonic crawler
  3653 | D        | Killed a demonic crawler
  3654 | D        | Reached skill level 5 in Dodging
  3654 | D        | Killed a demonic crawler
  3654 | D        | Received a gift from Sif Muna
  3655 | D        | Reached skill level 5 in Ranged Weapons
  3655 | D        | Got Sif Muna's Writings on the Volley {god gift}
  3876 | D        | Learned a level 5 spell: Fireball
  3884 | D        | Learned a level 7 spell: Orb of Destruction
  3900 | D        | Noticed an oklob plant summoner
  3916 | D        | Found Jiritria's Jewellery Shoppe.
  3916 | D        | Found Famp's Distillery.
  3916 | D        | Found Vezetz's Magic Scroll Emporium.
  3917 | D        | Found Sint's Weapon Emporium.
  3917 | D        | Found Ubaunwel's Distillery.
  3917 | D        | Found Naop's Distillery.
  3917 | D        | Found Cyzxugg's Distillery.
  3917 | D        | Found Rukul's Antique Armour Boutique.
  3919 | D        | Noticed an oklob plant
  3920 | D        | Noticed an oklob plant
  3924 | D        | Killed an oklob plant
  3925 | D        | Reached skill level 1 in Shields
  3925 | D        | Noticed an oklob plant
  4127 | D        | Found Memasoga's Distillery.
  4130 | D        | Killed an oklob plant summoner
  4130 | D        | Reached ****** piety under Sif Muna
  4131 | D        | Reached skill level 15 in Fire Magic
  4131 | D        | Found Opladdam's Armour Shop.
  4138 | D        | Noticed an oklob plant demonologist
  4138 | D        | Noticed an oklob plant annihilator
  4315 | D        | Killed an oklob plant
  4316 | D        | Reached XP level 12. HP: 77/87 MP: 5/30
  4634 | D        | Received a gift from Sif Muna
  4649 | D        | Got Ruumocaz's Codex of Vexatious Ceraunoscopy {god gift}
  4660 | D        | Bought a scroll of blinking for 82 gold pieces
  4664 | D        | Bought a potion of haste for 110 gold pieces
  4775 | D        | Noticed a spriggan defender
  4775 | D        | Noticed a spriggan defender
  4830 | D        | Received a gift from Sif Muna
  4831 | D        | Got Ebyudoty's Anthology of Scintillating Bones {god gift}
  4956 | D        | Learned a level 5 spell: Iskenderun's Battlesphere
  4968 | D        | Killed a ghost moth
  4969 | D        | Reached skill level 5 in Shields
  5318 | D        | Learned a level 3 spell: Stone Arrow
  5339 | D        | HP: 1/87 [poisoned by a spriggan defender]
  5339 | D        | Noticed a ghost moth
  5340 | D        | Succumbed to a spriggan defender's poison

Illustrated notes

Levels and vault maps discovered:
D:        dungeon_sprint_fedhas [sprint_temple]

Skill      XL: |  1  2  3  4  5  6  7  8  9 10 11 12 |
---------------+-------------------------------------+-----
Stealth        | 3 4 5 |  5.2
Fire Magic     | 4 6 7 8 9 10 12 13 15 | 15.7
Dodging        | 3 4 5 |  5.5
Spellcasting   | 3 5 6 7 9 10 12 14 | 14.7
Conjurations   | 2 3 4 5 6 8 9 10 12 | 12.1
Evocations     | 1 2 3 4 5 6 7 8 9 |  9.8
Fighting       | 2 4 5 6 8 9 10 | 10.1
Invocations    | 2 5 7 8 9 |  9.8
Hexes          | 1 2 3 4 |  4.2
Ice Magic      | 4 5 |  5.0
Ranged Weapons | 5 7 |  7.5
Shields        | 1 5 |  5.1
Unarmed Combat | |  0.2

Action                     |  1- 3 |  4- 6 |  7- 9 | 10-12 || total
---------------------------+-------+-------+-------+-------++-------
  Melee: Unarmed           |     6 |       |       |       ||     6
         Tentacles         |     4 |       |     5 |       ||     9
         Constrict         |     2 |       |       |       ||     2
         Dagger            |       |       |    12 |       ||    12
   Fire: Longbow           |       |       |       |     1 ||     1
   Cast: Foxfire           |     8 |     7 |    20 |    25 ||    60
         Scorch            |     1 |    12 |    42 |    65 ||   120
         Flame Wave        |       |     2 |     3 |     8 ||    13
         Inner Flame       |       |     2 |     7 |    13 ||    22
         Ozocubu's Armour  |       |       |       |     7 ||     7
         Fireball          |       |       |       |    39 ||    39
         Iskenderun's Batt |       |       |       |     1 ||     1
 Invoke: Channel Magic     |       |     5 |       |     4 ||     9
Ability: Evoke Invisibilit |       |     4 |     5 |    17 ||    26
  Evoke: Box of beasts     |       |       |     1 |     3 ||     4
    Use: Potion            |     2 |     1 |     1 |     7 ||    11
         Scroll            |       |       |       |     5 ||     5
   Stab: Sleeping          |       |       |     1 |       ||     1
 Armour: Skin              |       |       |       |     8 ||     8
  Dodge: Dodged            |     5 |       |     3 |    40 ||    48

Table legend: (Time is in decaauts)
 A = Elapsed time spent in this place.
 B = Non-inter-level travel time spent in this place.
 C = Inter-level travel time spent in this place.
 D = Time resting spent in this place.
 E = Time spent auto-exploring this place.
 F = Levels seen in this place.
 G = Mean time per level.
                   A        B        C        D        E       F      G
               +--------+--------+--------+--------+--------+-----+--------+
         Total |   5297 |   5215 |     82 |   3548 |      0 |   1 | 5297.0 |
       Dungeon |   5297 |   5215 |     82 |   3548 |      0 |   1 | 5297.0 |
               +--------+--------+--------+--------+--------+-----+--------+

Top non-repeatable levels by time:
       D: 5297 daAuts
